 Dungeon Crawl Stone Soup version 0.28-a0-247-gb8bfbab023 (webtiles) character file.

Game seed: 1201316603750839103

43549 Spaninq the Slinger (level 14, -6/103 HPs)
             Began as a Djinni Fire Elementalist on Aug 25, 2021.
             Killed by refrigeration
             ... invoked by Fannar
              (36 damage)
             ... on level 11 of the Dungeon.
             The game lasted 01:38:56 (26148 turns).

Spaninq the Slinger (Djinni Fire Elementalist)     Turns: 26148, Time: 01:38:57

Health: -6/103     AC: 15    Str:  9    XL:     14   Next: 61%
Gold:   1204       EV: 22    Int: 19    God:
                   SH:  0    Dex: 15

rFire   + + +      SeeInvis +   s - +11 hunting sling of Suuxisa {freeze, SInv Stlth+}
rCold   x . .      Faith    .   (no shield)
rNeg    . . .      Spirit   .   i - +3 ring mail {rF+}
rPois   ∞          Reflect  .   e - +1 helmet
rElec   .          Harm     .   m - +0 cloak
rCorr   .          Rampage  .   l - +0 pair of gloves
Will    +....                   (boots unavailable)
Stlth   ++........              (no amulet)
HPRegen 0.27/turn               f - +4 ring of evasion
MPRegen 0.00/turn               T - +4 ring of evasion

@: flying, very slightly contaminated
A: sickness immunity, fire resistance 2, cold vulnerability 1, float, innate
caster, hp casting, extra vitality 1
a: no special abilities


You were on level 11 of the Dungeon.
You visited 3 branches of the dungeon, and saw 17 of its levels.
You also visited: Volcano.

You collected 1204 gold pieces.

Inventory:

Hand Weapons
 o - a +3 lajatang of flaming
 s - the +11 hunting sling of Suuxisa (weapon) {freeze, SInv Stlth+}
   (You found it on level 5 of the Dungeon)

   Any ammunition fired from it freezes those it strikes, dealing additional
   cold damage.
   It can also slow down cold-blooded creatures.
   SInv:      It lets you see invisible.
   Stlth:     It makes you more stealthy.
 G - a +2 long sword of electrocution
 K - a +1 whip of electrocution
Missiles
 t - 397 stones (quivered ammo)
 I - 104 sling bullets
 M - a throwing net
Armour
 e - a +1 helmet (worn)
 i - a +3 ring mail of fire resistance (worn)
 k - a +1 chain mail of fire resistance
 l - a +0 pair of gloves (worn)
 m - a +0 cloak (worn)
 p - a +3 chain mail of cold resistance
 y - a +0 ring mail of cold resistance
Jewellery
 f - a +4 ring of evasion (left hand)
 h - a ring of willpower
 D - a ring of positive energy
 N - a ring of willpower
 Q - a ring of fire
 T - a +4 ring of evasion (right hand)
Wands
 a - a wand of acid (6)
 j - a wand of iceblast (6)
 q - a wand of charming (13)
 r - a wand of paralysis (9)
 u - a wand of flame (56)
 R - a wand of mindburst (23)
Scrolls
 b - a scroll of identify
 c - a scroll of magic mapping
 d - 6 scrolls of teleportation
 n - 3 scrolls of fog
 w - 3 scrolls of immolation
 E - 2 scrolls of brand weapon
 H - a scroll of summoning
 L - a scroll of enchant armour
 S - 2 scrolls of blinking
Potions
 g - 7 potions of curing
 v - 2 potions of might {unknown}
 x - 3 potions of haste
 z - 2 potions of lignification {unknown}
 A - 2 potions of brilliance {unknown}
 B - a potion of resistance {unknown}
 C - 3 potions of heal wounds {unknown}
 J - 5 potions of mutation


   Skills:
 + Level 10.8 Fighting
 * Level 11.3 Slings
 + Level 9.1 Armour
 + Level 10.0 Dodging
 - Level 1.5 Stealth
 + Level 9.7 Spellcasting


You couldn't memorise any spells.
You knew the following spells:

 Your Spells              Type           Power      Damage    Failure   Level
a - Foxfire               Conj/Fire      100%       2x1d9     1%          1
b - Conjure Flame         Conj/Fire      46%        6-21      1%          3
c - Inner Flame           Hex/Fire       46%        N/A       1%          3
d - Sticky Flame          Conj/Fire      46%        2d6       3%          4
e - Fireball              Conj/Fire      23%        3d11      9%          5
f - Pain                  Necr           100%       1d9       1%          1
g - Wereblood             Tmut           46%        N/A       1%          2
h - Gell's Gravitas       Tloc           23%        N/A       1%          3
i - Swiftness             Air            46%        N/A       1%          3
j - Iskenderun's Battles  Conj           46%        2d10      9%          5
k - Lee's Rapid Deconstr  Erth           23%        3d14*     9%          5
Your spell library was empty.

Dungeon Overview and Level Annotations

Branches:
Dungeon (11/15)            Temple (1/1) D:5            Lair (5/6) D:10
  Swamp (0/4) Lair:3        Snake (0/4) Lair:2        Slime (0/5) Lair:5
    Orc (0/2) D:10        Volcano (visited)

Altars:
Ashenzari
Cheibriados
Dithmenos
Elyvilon
Fedhas
Gozag
Hepliaklqana
Kikubaaqudgha
Makhleb
Nemelex Xobeh
Okawaru
Qazlal
Ru
Sif Muna
Trog
Uskayaw
Vehumet
Wu Jian
Xom
Yredelemnul
Zin
The Shining One

Shops:
D:5 ?   D:10 ?

Annotations:
D:10 2 runed translucent doors, Sin92's ghost, journeyman MiFi
D:11 Fannar
Lair:1 1 runed translucent door, willcat's ghost, journeyman KoDe
Lair:2 exclusion: oklob plant


Innate Abilities, Weirdness & Mutations

You are immune to sickness and miasma.
You are immune to poison.
Your flesh is very heat resistant. (rF++)
You are vulnerable to cold. (rC-)
You float through the air rather than walking.
You learn spells naturally, not from books.
Your magical power is your life essence.
You have superior vitality. (+4 HP)


Message History

Aiming: Fireball (dangerous; 9% risk of failure)
Press: ? - help, Shift-Dir - straight line You miscast Fireball.
You are very lightly contaminated with residual magic.
Sparks fly from your hands!
Fannar mumbles some strange words.
Casting: Fireball (dangerous; 9% risk of failure)
Confirm with . or Enter, or press ? or * to list all spells.
Aiming: Fireball (dangerous; 9% risk of failure)
Press: ? - help, Shift-Dir - straight line The fireball explodes!
The fireball engulfs the ice beast!
The ice beast melts!
The ice beast is moderately wounded.
Fannar mumbles some strange words.
Casting: Fireball (dangerous; 9% risk of failure)
Confirm with . or Enter, or press ? or * to list all spells.
Aiming: Fireball (dangerous; 9% risk of failure)
Press: ? - help, Shift-Dir - straight line The fireball explodes!
The fireball engulfs the ice beast!
The ice beast melts!
The ice beast is almost dead.
Casting: Fireball (dangerous; 9% risk of failure)
Confirm with . or Enter, or press ? or * to list all spells.
Aiming: Fireball (dangerous; 9% risk of failure)
Press: ? - help, Shift-Dir - straight line The fireball explodes!
The fireball engulfs the ice beast!!
The ice beast melts!
You kill the ice beast!
Fannar casts a spell.
Fannar drains the heat from the surrounding environment!
You feel a terrible chill!
Casting: Fireball (dangerous; 9% risk of failure)
Confirm with . or Enter, or press ? or * to list all spells.
Aiming: Fireball (dangerous; 9% risk of failure)
Press: ? - help, Shift-Dir - straight line The fireball explodes!
The fireball engulfs Fannar.
Fannar is lightly wounded.
* * * LOW HITPOINT WARNING * * *
Fannar mumbles some strange words.
Fannar drains the heat from the surrounding environment!
You feel a terrible chill!
You die...

#.........#
#.........#
#.........#
#.........#
#####.....#
#.....#
#.....#
#.....#
#@....#
####+###.....#
.............#
.............#
........####.#
........# .#
...Y....# #
..e.....#
.........


You could see Fannar and an ice beast (summoned).

Vanquished Creatures
  A red draconian (Volcano)
  2 boulder beetles
  An ogre mage (Volcano)
  5 hydras
  6 two-headed ogres
  4 death yaks
  A swamp dragon (Lair:3)
  3 oklob plants (Lair:4)
  A molten gargoyle (Volcano)
  4 black mambas
  14 elephants
  2 torpor snails
  7 cane toads
  4 rime drakes
  6 komodo dragons
  A polar bear (Lair:4)
  7 blink frogs
  51 yaks
  6 fire bats (Volcano)
  4 wyverns
  3 basilisks
  2 vampire mosquitoes (D:6)
  Menkaure (D:5)
  18 water moccasins
  2 orc warriors
  2 ice beasts
  2 black bears
  2 ogres
  A hornet zombie (D:7)
  A necrophage (D:5)
  3 centaurs (D:9)
  9 wolves
  2 phantoms
  2 kobold brigands
  7 bullfrogs
  3 scorpions
  10 killer bees
  8 wights
  3 vampire bats (D:4)
  3 electric eels (Lair:1)
  6 lava snakes (Volcano)
  3 centaur zombies
  6 orc priests
  A bullfrog zombie (D:3)
  2 jellies
  A bullfrog skeleton (D:6)
  A gnoll shaman (D:10)
  3 iguanas
  6 orc wizards
  A scorpion zombie (D:5)
  3 howler monkey zombies
  A howler monkey skeleton (D:5)
  9 adders
  4 gnolls
  A white imp (D:5)
  2 ufetubi (D:6)
  3 worms
  An adder skeleton (D:4)
  2 dart slugs (D:4)
  22 orcs
  6 ball pythons
  A bat skeleton (D:4)
  4 bat zombies (D:4)
  10 endoplasms
  4 giant cockroaches
  7 goblins
  8 hobgoblins
  20 kobolds
  2 quokkas
  9 bats
  4 frilled lizards
  2 rats (D:3)
369 creatures vanquished.

Vanquished Creatures (collateral kills)
  3 wolves (Lair:4)
  4 foxfires
7 creatures vanquished.

Vanquished Creatures (others)
  A molten gargoyle (Volcano)
  A bush (Lair:5)
  455 foxfires
  51 fungi
  69 plants
577 creatures vanquished.

Grand Total: 953 creatures vanquished

Notes
Turn   | Place    | Note
-------+----------+-------------------------------------------
     0 | D:1      | Spaninq the Djinni Fire Elementalist began the quest for
                  | the Orb.
     0 | D:1      | Reached XP level 1. HP: 15/15 MP: 0/0
   115 | D:1      | Reached XP level 2. HP: 6/21 MP: 0/0
   523 | D:1      | Found a faded altar of an unknown god.
   566 | D:1      | Reached XP level 3. HP: 21/25 MP: 0/0
   566 | D:1      | Learned a level 1 spell: Pain
  1472 | D:2      | Reached skill level 1 in Fighting
  1472 | D:2      | Reached XP level 4. HP: 18/32 MP: 0/0
  2511 | D:3      | Reached XP level 5. HP: 36/38 MP: 0/0
  2511 | D:3      | Learned a level 2 spell: Wereblood
  2774 | D:3      | Found a stormy altar of Qazlal.
  3165 | D:3      | Reached XP level 6. HP: 39/45 MP: 0/0
  3478 | D:4      | Noticed an ogre
  3511 | D:4      | Noticed an ice beast
  3517 | D:4      | Killed an ice beast
  3559 | D:4      | Found an opulent altar of Gozag.
  3559 | D:4      | Found an opulent altar of Gozag.
  3567 | D:4      | Found an opulent altar of Gozag.
  3622 | D:4      | Found an opulent altar of Gozag.
  3629 | D:4      | Killed an ogre
  3630 | D:4      | Reached skill level 5 in Spellcasting
  3630 | D:4      | Reached XP level 7. HP: 43/50 MP: 0/0
  3630 | D:4      | Learned a level 3 spell: Gell's Gravitas
  4868 | D:4      | Reached XP level 8. HP: 51/58 MP: 0/0
  5350 | D:5      | Entered Level 5 of the Dungeon
  5361 | D:5      | Noticed Menkaure
  5694 | D:5      | Killed Menkaure
  5907 | D:5      | Found an iron altar of Okawaru.
  5950 | D:5      | Found Wenarrav's Magic Scroll Boutique.
  5955 | D:5      | Reached skill level 5 in Fighting
  6219 | D:5      | Identified the +11 hunting sling of Suuxisa {freeze, SInv
                  | Stlth+}
  6764 | D:5      | Found a staircase to the Ecumenical Temple.
  6767 | D:5      | Reached skill level 1 in Slings
  6772 | Temple   | Entered the Ecumenical Temple
  7044 | D:5      | Reached XP level 9. HP: 65/65 MP: 0/0
  7044 | D:5      | Learned a level 3 spell: Swiftness
  7141 | D:5      | Found a sparkling altar of Nemelex Xobeh.
  7585 | D:6      | Reached skill level 2 in Slings
  7799 | D:6      | Reached skill level 3 in Slings
  8324 | D:7      | Found a hide-covered altar of Uskayaw.
  8933 | D:7      | Reached skill level 4 in Slings
  8933 | D:7      | Reached skill level 1 in Armour
  8963 | D:7      | Found a glowing golden altar of the Shining One.
  9902 | D:8      | Found a basalt altar of Yredelemnul.
 10027 | D:8      | Found a hazy altar of Hepliaklqana.
 10155 | D:9      | Reached XP level 10. HP: 73/73 MP: 0/0
 10349 | D:9      | Noticed a two-headed ogre
 10369 | D:9      | Killed a two-headed ogre
 10370 | D:9      | Reached skill level 5 in Slings
 11391 | D:9      | Found a shadowy altar of Dithmenos.
 11489 | D:10     | Entered Level 10 of the Dungeon
 11489 | D:10     | Noticed a two-headed ogre
 12898 | D:9      | Killed a two-headed ogre
 12899 | D:9      | Reached skill level 6 in Slings
 13228 | D:10     | Found a broken altar of Ashenzari.
 13510 | D:10     | Reached skill level 5 in Dodging
 13520 | D:10     | Reached XP level 11. HP: 69/79 MP: 0/0
 13520 | D:10     | Learned a level 5 spell: Iskenderun's Battlesphere
 13948 | D:10     | Found Hiegout's Magic Scroll Shoppe.
 14061 | D:10     | Reached skill level 7 in Slings
 14194 | D:10     | Found a staircase to the Lair.
 14269 | D:10     | Found a large runed translucent door.
 14269 | D:10     | Found a large runed translucent door.
 14271 | D:10     | Noticed Sin92's ghost (journeyman MiFi)
 14485 | D:10     | Found a staircase to the Orcish Mines.
 14653 | Lair:1   | Entered Level 1 of the Lair of Beasts
 14734 | Lair:1   | Reached skill level 5 in Armour
 14858 | Lair:1   | Noticed a four-headed hydra
 14872 | Lair:1   | Killed a four-headed hydra
 15660 | Lair:1   | Found a runed translucent door.
 16256 | Lair:1   | Noticed willcat's ghost (journeyman KoDe)
 16429 | Lair:2   | Found a staircase to the Snake Pit.
 16566 | Lair:2   | Found a shadowy altar of Dithmenos.
 16567 | Lair:2   | Noticed an oklob plant
 16598 | Lair:2   | Reached skill level 8 in Slings
 16625 | Lair:2   | Reached XP level 12. HP: 84/88 MP: 0/0
 16669 | Lair:2   | Noticed a seven-headed hydra
 16678 | Lair:2   | Killed a seven-headed hydra
 17329 | Lair:3   | Found a staircase to the Swamp.
 17329 | Lair:3   | Noticed a swamp dragon
 17339 | Lair:3   | Killed a swamp dragon
 18260 | Lair:3   | Noticed a boulder beetle
 18305 | Lair:3   | Killed a boulder beetle
 18306 | Lair:3   | Reached skill level 9 in Slings
 18942 | Lair:4   | Found a dark tunnel.
 19183 | Volcano  | Entered a volcano
 19708 | Volcano  | Noticed a two-headed ogre
 19718 | Volcano  | Killed a two-headed ogre
 19719 | Volcano  | Reached XP level 13. HP: 82/94 MP: 0/0
 19719 | Volcano  | Learned a level 5 spell: Lee's Rapid Deconstruction
 19767 | Volcano  | Found a bloodstained altar of Trog.
 19767 | Volcano  | Noticed an ogre mage
 19796 | Volcano  | Killed an ogre mage
 19860 | Volcano  | Noticed a red draconian
 20132 | Volcano  | Killed a red draconian
 20730 | Lair:4   | Reached skill level 10 in Slings
 21065 | Lair:4   | Reached skill level 10 in Fighting
 21113 | Lair:4   | Noticed a five-headed hydra
 21152 | Lair:4   | Killed a five-headed hydra
 21766 | Lair:4   | Noticed an eight-headed hydra
 21858 | Lair:4   | Killed an eight-headed hydra
 22573 | Lair:4   | Reached XP level 14. HP: 100/103 MP: 0/0
 23221 | Lair:4   | HP: 4/103 [komodo dragon (23)]
 24404 | Lair:5   | Reached skill level 11 in Slings
 25013 | Lair:5   | Found a staircase to the Slime Pits.
 25355 | Lair:5   | Reached skill level 10 in Dodging
 26141 | D:11     | Noticed Fannar
 26148 | D:11     | Killed from afar by Fannar

Illustrated notes

Levels and vault maps discovered:
D:1:      amcnicky_arrival_underground_garden, layout_loops_corners,
          shapermc_ecumenical_altar_pompeii
D:2:      layout_loops_ring, kennysheep_cross_room, kennysheep_generic_room_6
D:3:      layout_loops_ring, grunt_qazlal_clouds, lemuel_coloured_pillars_altar,
          hex_tiny, st_stairs_7
D:4:      layout_cave_pools, nicolae_gozag_conspicuous_consumption,
          kennysheep_vampire_church, serial_co_window_serial, co_window_paths_b,
          co_window_paths_b, co_window_corner_a, co_window_corner_a,
          co_window_corner_a, co_window_corner_ca, co_window_of_opportunity_c,
          co_window_corner_cb, co_window_broadway_a, co_window_broadway_b,
          co_window_corner_ca, co_window_corner_b, co_window_paths_d,
          glass_columns_c, glass_columns_b, glass_columns_a, glass_columns_b,
          minmay_misc_feat_roman
D:5:      layout_loops_ring, okawaru_ov_weapons_minmay,
          nemelex_spade_bored_becter, minmay_temple_entry_proselytizer,
          serial_shops, shop_fountains, uniq_menkaure
D:6:      layout_basic
D:7:      layout_gridville, nicolae_uskayaw_suspiria,
          mainiacjoe_overflow_brackets
D:8:      layout_loops_cross, lemuel_doored_altar,
          lemuel_zombie_altar_yredelemnul, minmay_statues_item
D:9:      layout_roguey, lemuel_round_altar, minmay_door_square
D:10:     layout_rooms, evilmike_ruin_ashenzari, due_lair_maze_entry_diamond,
          orc_0_dummy, serial_shops, nicolae_square_shop,
          ebering_ghost_disaster_area
D:11:     layout_stronghold, nicolae_island_escapes, uniq_erolcha, uniq_fannar
Temple:   jpeg_temple_alley_garden
Lair:1:   layout_chaotic_city, ebering_ghost_reflecting_pool, lemuel_fruit_tree,
          infiniplex_staircase_pool_2, grunt_megastairs_3, serial_bayou_shore_a,
          serial_bayou_shore_b
Lair:2:   layout_regular_city, guppyfry_snake_entry_island, lemuel_oklob_altar
Lair:3:   layout_gridlike, minmay_swamp_entry_reptiles, nzn_sisyphean_effort
Lair:4:   layout_cave_pods, enter_volcano_1, grunt_megastairs_1,
          minmay_lair_oklob_chamber
Lair:5:   layout_loops_ring, dpeg_slime_entry_corner, grunt_megastairs_2,
          infiniplex_staircase_pool

Skill      XL: |  1  2  3  4  5  6  7  8  9 10 11 12 13 14 |
---------------+-------------------------------------------+-----
Spellcasting   | 3 4 5 7 8 9 |  9.7
Fighting       | 1 2 3 4 5 6 7 8 9 10 | 10.8
Slings         | 1 4 6 8 9 10 11 | 11.3
Armour         | 2 4 5 7 8 9 |  9.1
Dodging        | 3 5 6 8 9 10 | 10.0
Stealth        | |  1.5

Action                   |  1- 3 |  4- 6 |  7- 9 | 10-12 | 13-15 || total
-------------------------+-------+-------+-------+-------+-------++-------
Melee: Unarmed           |     5 |     5 |     2 |       |       ||    12
       Long sword        |       |       |       |     3 |       ||     3
 Fire: Hunting sling     |       |       |    92 |   387 |   399 ||   878
 Cast: Foxfire           |    49 |   110 |   108 |    14 |       ||   281
       Wereblood         |       |     1 |       |       |       ||     1
       Gell's Gravitas   |       |       |     3 |     1 |       ||     4
       Sticky Flame      |       |       |    27 |    73 |    87 ||   187
       Pain              |       |       |     1 |       |       ||     1
       Swiftness         |       |       |     2 |     7 |       ||     9
       Lee's Rapid Decon |       |       |       |       |    19 ||    19
       Fireball          |       |       |       |       |     8 ||     8
       Conjure Flame     |       |       |       |       |     2 ||     2
  Use: Scroll            |       |       |       |    15 |     5 ||    20
Armor: Robe              |     6 |     3 |    17 |       |       ||    26
       Ring mail         |       |       |     9 |    47 |    22 ||    78
Dodge: Dodged            |    15 |    12 |    81 |   165 |    97 ||   370
       Rpst.: Long sword |       |       |       |     1 |       ||     1

Table legend: (Time is in decaauts)
 A = Elapsed time spent in this place.
 B = Non-inter-level travel time spent in this place.
 C = Inter-level travel time spent in this place.
 D = Time resting spent in this place.
 E = Time spent auto-exploring this place.
 F = Levels seen in this place.
 G = Mean time per level.
                   A        B        C        D        E       F      G
               +--------+--------+--------+--------+--------+-----+--------+
         Total |  25973 |  24683 |   1290 |   4782 |  15464 |  18 | 1442.9 |
       Dungeon |  14570 |  13686 |    884 |   2332 |   9027 |  11 | 1324.5 |
        Temple |    228 |    176 |     52 |      0 |    171 |   1 |  228.0 |
          Lair |   9818 |   9464 |    354 |   2038 |   5729 |   5 | 1963.6 |
       Volcano |   1355 |   1355 |      0 |    412 |    537 |   1 | 1355.0 |
               +--------+--------+--------+--------+--------+-----+--------+

Top non-repeatable levels by time:
  Lair:4: 3571 daAuts
     D:4: 2436 daAuts
     D:9: 2266 daAuts
  Lair:5: 1924 daAuts
     D:8: 1770 daAuts
  Lair:1: 1665 daAuts
     D:1: 1535 daAuts
  Lair:3: 1488 daAuts
 Volcano: 1355 daAuts
    D:10: 1305 daAuts
     D:2: 1300 daAuts
  Lair:2: 1169 daAuts
     D:3: 1124 daAuts
     D:7: 941 daAuts
     D:5: 916 daAuts
